 Dungeon Crawl Stone Soup version 0.23-a0-448-g1c01f63 (webtiles) character file.

4235 Azzok the Arsonist (level 10, 0/56 HPs)
             Began as an Octopode Fire Elementalist on Nov 20, 2018.
             Was a Follower of Vehumet.
             Slain by a troll (4 damage)
             ... on level 8 of the Dungeon.
             The game lasted 00:14:22 (11118 turns).

Azzok the Arsonist (Octopode Fire Elementalist)    Turns: 11118, Time: 00:14:22

Health: 0/56       AC:  1    Str:  7    XL:     10   Next: 30%
Magic:  8/22       EV:  7    Int: 21    God:    Vehumet [*.....]
Gold:   298        SH:  0    Dex: 13    Spells: 12/25 levels left

rFire    . . .     SeeInvis +   s - +2 dagger (venom)
rCold    . . .     Gourm    .   (no shield)
rNeg     . . .     Faith    .   (helmet restricted)
rPois    .         Spirit   .   (no amulet)
rElec    .         Reflect  .   h - ring of wizardry
rCorr    .         Harm     .   i - ring of see invisible (curse)
MR       .....                  (no ring)
Stlth    +++.......             (no ring)
HPRegen  0.18/turn              (no ring)
MPRegen  0.18/turn              (no ring)
                                (no ring)
                                (no ring)

@: marked, held
A: almost no armour, stealthy swim, amphibious, 8 rings, constrict 8, camouflage
1, gelatinous body 1
a: Renounce Religion


You were on level 8 of the Dungeon.
You worshipped Vehumet.
Vehumet was aware of your devotion.
You were hungry.

You visited 1 branch of the dungeon, and saw 8 of its levels.

You collected 298 gold pieces.

Inventory:

Hand Weapons
 c - a +2 mace of protection
 s - a +2 dagger of venom (weapon)
Jewellery
 h - a ring of wizardry (left tentacle)
 i - a cursed ring of see invisible (right tentacle)
Wands
 q - a wand of iceblast (5)
 w - a wand of digging (6)
Scrolls
 e - a scroll of fear {unknown}
 f - 7 scrolls of identify {unknown}
 g - 4 scrolls of remove curse {unknown}
 m - 3 scrolls of teleportation {unknown}
 n - 3 scrolls of amnesia {unknown}
 o - 2 scrolls of blinking {unknown}
 p - 2 scrolls of magic mapping {unknown}
 t - a scroll of enchant weapon {unknown}
Potions
 a - a potion of cancellation {unknown}
 d - 3 potions of curing
 j - 4 potions of might {unknown}
 k - a potion of brilliance {unknown}
 l - 2 potions of flight {unknown}
 r - 2 potions of agility {unknown}
 u - a potion of resistance {unknown}
 v - a potion of lignification {unknown}
Comestibles
 b - 13 rations


   Skills:
 - Level 2.0 Dodging
 - Level 2.6 Stealth
 + Level 8.0 Spellcasting
 + Level 8.6 Conjurations
 + Level 9.1 Fire Magic


You had 12 spell levels left.
You knew the following spells:

 Your Spells              Type           Power        Failure   Level  Hunger
a - Flame Tongue          Conj/Fire      #####        1%          1    None
b - Conjure Flame         Conj/Fire      #####...     1%          3    None
c - Sticky Flame          Conj/Fire      #####...     1%          4    ###....
d - Fireball              Conj/Fire      #####.....   2%          5    #####..

Your spell library contained the following spells:

 Spells                   Type           Power        Failure   Level  Hunger
 Magic Dart               Conj           ####         1%          1    None
 Throw Flame              Conj/Fire      #####.       1%          2    None
 Inner Flame              Hex/Fire       ####....     1%          3    None


Dungeon Overview and Level Annotations

Branches:
Dungeon (8/15)             Temple (0/1) D:7
   Lair: D:8-11

Altars:
Ashenzari
Cheibriados
Elyvilon
Fedhas
Gozag
Hepliaklqana
Qazlal
Ru
Sif Muna
Trog
Uskayaw
Vehumet
Xom


Innate Abilities, Weirdness & Mutations

You cannot wear most types of armour.
You are very stealthy in the water. (Stealth+)
You are amphibious.
You can wear up to eight rings at the same time.
You can use your tentacles to constrict eight enemies at once.
Your skin changes colour to match your surroundings (Stealth+).
Your rubbery body absorbs attacks. (AC +1, EV +1)


Message History

The troll barely misses you.
A bullfrog skeleton comes into view.
The troll burns!
Harold burns!
Harold throws a throwing net.
The throwing net hits you.
You become entangled in the net!
The bullfrog skeleton moves out of view.
Found 18 stones.
You see here a throwing net.
You struggle against the net.
The troll burns!
Harold burns!
The troll closely misses you. The troll claws you!
* * * LOW HITPOINT WARNING * * *
The troll barely misses you.
You tear a large gash into the net.
The troll burns!
The troll stops burning.
Harold burns!
You kill Harold!
Vehumet accepts your kill.
Harold looks down at his mortal wounds and cries, "But... this was my last day Your Spellcasting skill increases to level 8!
Your Fire Magic skill increases to level 9!
The troll bites you.
You die...

·▒▒▒▒▒▒▒▒▒▒▒▒▒
▒·············
··············
·····▒·····▒·
·▒▒▒·▒·▒▒▒·▒ ▒▒▒·▒
·····▒·····▒····5▒
·······@▒··)··▒· ▒
····▒▒▒·▒·▒▒▒$▒(▒▒▒·▒
·······@▒·Z···▒·@(Z·▒
▒········@5▒·)ZZT▒··(··▒
▒▒·····▒▒▒·▒·▒▒▒$▒ ▒▒▒·▒
▒▒········▒·Z$l·▒
▒▒·(·····@··▒·····▒
▒▒·····▒▒▒·▒·▒▒▒·▒
▒▒···· ··▒·· ▒ ▒▒···
······· ▒▒···········


You could see a troll, a leopard gecko zombie, a leopard gecko and 2 bullfrog
skeletons.

Vanquished Creatures
  Harold (D:8)
  Maurice (D:8)
  A komodo dragon (D:8)
  A hippogriff (D:6)
  Sigmund (D:5)
  An orc warrior (D:7)
  3 ice beasts
  A sky beast (D:6)
  A black bear (D:8)
  5 ogres
  2 centaurs
  A big kobold (D:7)
  A bullfrog (D:7)
  A gnoll sergeant (D:6)
  A scorpion (D:6)
  3 wights (D:8)
  A crimson imp (D:6)
  A bullfrog zombie (D:6)
  2 hounds (D:6)
  A jelly (D:7)
  A bullfrog skeleton (D:5)
  4 orc priests
  A centaur skeleton (D:7)
  7 orc wizards
  2 iguanas
  7 worker ants
  A killer bee zombie (D:5)
  A hound zombie (D:7)
  A hound skeleton (D:6)
  A howler monkey zombie (D:7)
  6 adders
  4 gnolls (D:5)
  3 shadow imps
  2 oozes (D:2)
  An adder zombie (D:5)
  2 adder skeletons (D:4)
  5 worms
  4 dart slugs
  5 leopard geckos
  28 orcs
  9 giant cockroaches
  13 goblins
  12 hobgoblins
  9 jackals
  3 quokkas
  A ball python (D:1)
  4 bats
  6 frilled lizards
  A jackal zombie (D:4)
  15 kobolds
  A leopard gecko skeleton (D:4)
  8 rats
198 creatures vanquished.

Notes
Turn   | Place    | Note
-------+----------+-------------------------------------------
     0 | D:1      | Azzok the Octopode Fire Elementalist began the quest for
                  | the Orb.
     0 | D:1      | Reached XP level 1. HP: 11/11 MP: 3/3
   126 | D:1      | Reached XP level 2. HP: 17/17 MP: 3/5
   589 | D:1      | Reached XP level 3. HP: 21/21 MP: 4/6
   594 | D:1      | Learned a level 3 spell: Conjure Flame
   999 | D:2      | Found a stormy altar of Qazlal.
  1408 | D:2      | Reached XP level 4. HP: 27/27 MP: 2/8
  1414 | D:2      | Learned a level 4 spell: Sticky Flame
  2613 | D:3      | Reached skill level 4 in Fire Magic
  2666 | D:3      | Reached XP level 5. HP: 31/31 MP: 3/9
  3767 | D:3      | Found an opulent altar of Gozag.
  4161 | D:4      | Reached XP level 6. HP: 34/36 MP: 7/11
  5341 | D:5      | Entered Level 5 of the Dungeon
  5344 | D:5      | Reached skill level 5 in Fire Magic
  5351 | D:5      | Learned a level 5 spell: Fireball
  5400 | D:5      | Found a white marble altar of Elyvilon.
  5400 | D:5      | Found a sacrificial altar of Ru.
  5402 | D:5      | Found a bloodstained altar of Trog.
  5402 | D:5      | Found a shimmering altar of Xom.
  5402 | D:5      | Found a blossoming altar of Fedhas.
  5403 | D:5      | Found a deep blue altar of Sif Muna.
  5403 | D:5      | Found a shattered altar of Ashenzari.
  5403 | D:5      | Found a hide-covered altar of Uskayaw.
  5649 | D:5      | Reached XP level 7. HP: 12/41 MP: 7/13
  5934 | D:5      | Noticed Sigmund
  5943 | D:5      | Killed Sigmund
  6521 | D:5      | Found a hazy altar of Hepliaklqana.
  6624 | D:5      | Reached skill level 5 in Conjurations
  7024 | D:6      | Reached XP level 8. HP: 24/46 MP: 5/15
  7231 | D:6      | Reached skill level 5 in Spellcasting
  7231 | D:6      | Reached skill level 6 in Fire Magic
  7250 | D:6      | Noticed a hippogriff
  7273 | D:6      | Killed a hippogriff
  8184 | D:6      | Reached skill level 7 in Fire Magic
  8453 | D:6      | Found a radiant altar of Vehumet.
  8487 | D:6      | Became a worshipper of Vehumet
  8500 | D:6      | Reached XP level 9. HP: 51/51 MP: 14/18
  8623 | D:6      | Found a snail-covered altar of Cheibriados.
  9767 | D:7      | Found a staircase to the Ecumenical Temple.
  9828 | D:7      | Reached * piety under Vehumet
  9828 | D:7      | Offered knowledge of Magic Dart by Vehumet.
 10054 | D:7      | Reached skill level 8 in Fire Magic
 10373 | D:8      | Noticed Harold
 10957 | D:8      | Noticed Maurice
 10974 | D:8      | Killed Maurice
 10974 | D:8      | Reached XP level 10. HP: 55/56 MP: 11/21
 11118 | D:8      | Killed Harold
 11118 | D:8      | Reached skill level 9 in Fire Magic
 11118 | D:8      | Slain by a troll

Vault maps used:
D:1:      dpeg_arrival_pits, minivault_23
D:2:      nicolae_qazlal_general_emergency, first_ration, minmay_ruptured
D:3:      old_standard_altar, serial_glass, glass_columns_a, glass_columns_a
D:5:      kennysheep_mini, grunt_temple_overflow_open, uniq_sigmund
D:6:      cheibrodos_barr_body, nicolae_overflow_hidden_temple,
          lemuel_doored_altar
D:7:      minmay_temple_entry_poolview, grunt_ogre_cave, kennysheep_minor_cross,
          st_stairs_4
D:8:      hangedman_cross_stitches, minivault_19, uniq_maurice, uniq_harold

Skill      XL: |  1  2  3  4  5  6  7  8  9 10 |
---------------+-------------------------------+-----
Conjurations   | 2 3 4 5 6 8 |  8.6
Spellcasting   | 3 4 6 7 8 |  8.0
Fire Magic     | 4 5 7 8 9 |  9.1
Dodging        | |  2.0
Stealth        | |  2.6

Action                   |  1- 3 |  4- 6 |  7- 9 | 10-12 || total
-------------------------+-------+-------+-------+-------++-------
Melee: Unarmed           |    14 |       |       |       ||    14
       Constrict         |     3 |     8 |     8 |       ||    19
       Tentacles         |     1 |     5 |     5 |       ||    11
       Short sword       |       |    34 |       |       ||    34
       Mace              |       |       |     8 |       ||     8
       Dagger            |       |       |    22 |       ||    22
 Cast: Flame Tongue      |    55 |   169 |   169 |     4 ||   397
       Sticky Flame      |       |     3 |    15 |     3 ||    21
       Conjure Flame     |       |       |    10 |     1 ||    11
       Fireball          |       |       |     5 |       ||     5
 Stab: Sleeping          |     1 |     3 |     2 |       ||     6
  Eat: Chunk             |     2 |    11 |    15 |       ||    28
       Ration            |       |     1 |     1 |       ||     2
Armor: Skin              |     4 |     7 |     6 |       ||    17
Dodge: Dodged            |    22 |    77 |    57 |     5 ||   161

Table legend:
 A = Non-vault XP
 B = Vault XP
 C = Vault XP percentage of total XP
 D = Non-vault monster count
 E = Vault monster count
 F = Vault count percentage of total count
                 A         B        C        D         E       F
            +---------+---------+-------+---------+---------+-------
      Total |    3150 |    2900 |  47.9 |     181 |      17 |   8.6
            +---------+---------+-------+---------+---------+-------
        D:1 |      39 |       0 |   0.0 |      22 |       0 |   0.0
        D:2 |     103 |       4 |   3.7 |      26 |       3 |  10.3
        D:3 |     153 |       0 |   0.0 |      38 |       0 |   0.0
        D:4 |     241 |       0 |   0.0 |      26 |       0 |   0.0
        D:5 |     416 |     220 |  34.6 |      18 |       1 |   5.3
        D:6 |     631 |     657 |  51.0 |      19 |       7 |  26.9
        D:7 |    1113 |     151 |  11.9 |      26 |       2 |   7.1
        D:8 |     454 |    1868 |  80.4 |       6 |       4 |  40.0
            +---------+---------+-------+---------+---------+-------
